 Dungeon Crawl Stone Soup version 0.20-a0-971-g5896763 (webtiles) character file.

627 Gorglomux the Skirmisher (level 7, -9/59 HPs)
             Began as a Formicid Warper on Apr 8, 2017.
             Was a Follower of Yredelemnul.
             Mangled by an ogre
             ... wielding a +0 giant club
              (23 damage)
             ... on level 4 of the Dungeon.
             The game lasted 00:13:33 (5012 turns).

Gorglomux the Skirmisher (Formicid Warper)          Turns: 5012, Time: 00:13:34

Health: -9/59      AC: 10    Str: 16    XL:     7   Next: 76%
Magic:  10/10      EV:  7    Int: 12    God:    Yredelemnul [*.....]
Gold:   287        SH:  0    Dex: 15    Spells: 10/10 levels left

rFire    . . .     SeeInvis +   C - +0 war axe
rCold    . . .     Gourm    .   (no shield)
rNeg     . . .     Faith    .   O - +0 chain mail
rPois    .         Spirit   .   (helmet unavailable)
rElec    .         Reflect  .   G - +0 cloak
rCorr    .         Harm     .   (no gloves)
MR       .....                  J - +0 pair of boots
Stlth    ..........             (no amulet)
Regen    0.2/turn               W - +3 ring of dexterity
MPRegen  0.2/turn               (no ring)

@: no status effects
A: permanent stasis, dig shafts and tunnels, four strong arms, antennae 3
a: Dig, Shaft Self, Animate Remains, Renounce Religion


You were on level 4 of the Dungeon.
You worshipped Yredelemnul.
Yredelemnul was aware of your devotion.
You were not hungry.

You visited 1 branch of the dungeon, and saw 5 of its levels.

You collected 287 gold pieces.

Inventory:

Hand Weapons
 a - a +0 hand axe
 C - a +0 war axe (weapon)
 Z - a +0 hand axe of venom
Missiles
 e - 5 tomahawks of dispersal (quivered)
 S - 6 tomahawks
Armour
 b - a +0 leather armour
 F - a +0 scale mail
 G - a +0 cloak (worn)
 J - a +0 pair of boots (worn)
 O - a +0 chain mail (worn)
Jewellery
 W - a +3 ring of dexterity (left hand)
Scrolls
 B - a scroll of blinking
 D - a scroll of amnesia {unknown}
 H - 2 scrolls of teleportation {unknown}
 L - a scroll of noise {unknown}
 M - 2 scrolls of remove curse {unknown}
 P - a scroll of fear {unknown}
 R - 4 scrolls of identify
 V - a scroll of magic mapping {unknown}
Potions
 K - 2 potions of curing
 N - 3 potions of mutation
 Q - a potion of invisibility {unknown}
 T - a potion of flight {unknown}
 X - a potion of resistance
 Y - 2 potions of agility {unknown}
Books
 c - a book of Spatial Translocations

   Spells                             Type                      Level
   a - Blink                          Translocation                2
   b - Shroud of Golubria             Charms/Translocation         2
   c - Lesser Beckoning               Translocation                3
   d - Gell's Gravitas                Translocation                3
   e - Teleport Other                 Translocation                3
   f - Passage of Golubria            Translocation                4
Comestibles
 f - 3 bread rations
 U - a meat ration


   Skills:
 + Level 6.5 Fighting
 + Level 5.7 Axes
 - Level 1.0 Throwing
 - Level 1.1 Armour
 - Level 1.7 Dodging
 - Level 2.1 Spellcasting
   Level 2.6 Translocations


You had 10 spell levels left.
You didn't know any spells.

Dungeon Overview and Level Annotations

Branches:
Dungeon (5/15)             Temple (0/1) D:4

Altars:
Gozag
Okawaru
Sif Muna
Vehumet
Yredelemnul
The Shining One

Annotations:
D:4 Ratty's ghost, novice MiBe


Innate Abilities, Weirdness & Mutations

You cannot be hasted, slowed, berserked, paralysed or teleported.
You can dig through walls and to a lower floor.
Your four strong arms can wield two-handed weapons with a shield.
You have a pair of large antennae on your head. (SInv)


Message History

The ogre barely misses you.
You climb upwards.
Level annotation: Ratty's ghost, novice MiBe
There is a stone staircase leading down here.
You closely miss the quokka. You barely miss the ogre.
The quokka closely misses you. The ogre hits you with a giant club!
* * * LOW HITPOINT WARNING * * *
You closely miss the quokka.
Your chain mail prevents you from hitting the ogre.
The quokka bites you but does no damage.
The quokka barely misses you.
You barely miss the quokka.
Your chain mail prevents you from hitting the ogre.
The ogre misses you. The quokka closely misses you.
You hit the quokka.
You kill the quokka!
Yredelemnul accepts your kill.
You slash the ogre! The ogre hits you with a giant club!!
You die...
Your body rises from the dead as a mindless zombie.

#####.#### #.##.# .#....#
#.##.# .#...## #.##.#
.#..## ##.##.# ....#
###..##.#### #.#.#
######## #..........#
###.# #....).#
#....#.#...# #.# #.####.#
#...#.#.#..# #.#######.#
#@# #..#.#[#.#.#
#.........#
#O#####...#.>.#..#
###########
#.#......#.#.#.#.#
#.#.###...#.#.#..#
#.#........#.#...#
#.#>####.........#
#.[.......#####<.#
##########.#####...###..#
#............# #.#...(...


You could see an ogre.

Vanquished Creatures
  Grinder (D:5)
  A phantom (D:5)
  A scorpion (D:3)
  2 orc wizards (D:4)
  3 worker ants
  A hound skeleton (D:4)
  5 adders
  A shadow imp (D:5)
  An ooze (D:1)
  2 worms (D:2)
  2 dart slugs (D:1)
  2 leopard geckos (D:2)
  12 orcs
  6 bats
  8 giant cockroaches
  10 goblins
  6 hobgoblins
  3 jackals (D:3)
  13 kobolds
  4 quokkas
  7 frilled lizards
  A jackal skeleton (D:4)
  7 rats
99 creatures vanquished.

Notes
Turn   | Place    | Note
-------+----------+-------------------------------------------
     0 | D:1      | Gorglomux the Formicid Warper began the quest for the Orb.
     0 | D:1      | Reached XP level 1. HP: 16/16 MP: 3/3
   154 | D:1      | Reached XP level 2. HP: 23/23 MP: 5/5
   392 | D:1      | Reached XP level 3. HP: 28/28 MP: 6/6
   675 | D:1      | Reached skill level 3 in Axes
   748 | D:2      | Reached skill level 3 in Fighting
  1229 | D:2      | Reached XP level 4. HP: 21/35 MP: 7/7
  1911 | D:3      | Found a glowing golden altar of the Shining One.
  1924 | D:3      | Reached XP level 5. HP: 42/42 MP: 8/8
  1932 | D:3      | Found an opulent altar of Gozag.
  1944 | D:3      | Reached skill level 4 in Fighting
  1955 | D:3      | Found a radiant altar of Vehumet.
  1956 | D:3      | Found a deep blue altar of Sif Muna.
  1958 | D:3      | Found a basalt altar of Yredelemnul.
  2002 | D:3      | HP: 2/42 [poisoned by an orc]
  2010 | D:3      | HP: 1/42 [poisoned by an orc]
  2103 | D:3      | Became a worshipper of Yredelemnul the Dark
  3006 | D:4      | Found an iron altar of Okawaru.
  3040 | D:3      | Reached XP level 6. HP: 26/49 MP: 9/9
  3313 | D:4      | Reached skill level 5 in Fighting
  3347 | D:4      | Noticed Ratty's ghost (novice MiBe)
  3658 | D:4      | Found a staircase to the Ecumenical Temple.
  3908 | D:4      | Noticed a sky beast
  4148 | D:5      | Entered Level 5 of the Dungeon
  4186 | D:5      | Noticed Grinder
  4193 | D:5      | Noticed a phantom
  4280 | D:5      | Killed a phantom
  4280 | D:5      | Reached XP level 7. HP: 51/57 MP: 10/10
  4331 | D:5      | Killed Grinder
  4331 | D:5      | Reached skill level 6 in Fighting
  4593 | D:5      | Reached * piety under Yredelemnul
  5012 | D:4      | Mangled by an ogre

Vault maps used:
D:1:      roderic_dead_forest
D:2:      first_bread, minmay_cut_off
D:3:      grunt_temple_overflow_open, lemuel_doored_altar
D:4:      minmay_temple_entry_grid, okawaru_ov_weapons_minmay
D:5:      hangedman_decor_opposing, uniq_grinder

Skill      XL: |  1  2  3  4  5  6  7 |
---------------+----------------------+-----
Axes           | 3 4 5 |  5.7
Fighting       | 3 4 5 6 |  6.5
Throwing       | |  1.0
Armour         | |  1.1
Dodging        | |  1.7
Spellcasting   | |  2.1
Translocations | |  2.6

Action                   |  1- 3 |  4- 6 |  7- 9 || total
-------------------------+-------+-------+-------++-------
Melee: Hand axe          |   109 |   245 |       ||   354
       War axe           |       |    30 |    35 ||    65
 Abil: Dig               |     1 |     3 |     1 ||     5
  Use: Potion            |       |     4 |       ||     4
       Scroll            |       |       |     1 ||     1
  Eat: Chunk             |       |    10 |       ||    10
       Bread ration      |       |       |     1 ||     1
Armor: Leather armour    |    12 |       |       ||    12
       Scale mail        |    36 |    33 |       ||    69
       Chain mail        |       |   133 |    25 ||   158
Dodge: Dodged            |    67 |   120 |    23 ||   210
